 Dungeon Crawl Stone Soup version 0.23.0-42-geed6394480 (webtiles) character file.

Game seed: 3033665361106106775

30 Radastage the Skirmisher (level 3, 31/31 HPs)
             Began as a Centaur Berserker on Feb 21, 2019.
             Was a Follower of Trog.
             Quit the game on level 1 of the Dungeon on Mar 1, 2019.
             The game lasted 00:02:51 (773 turns).

Radastage the Skirmisher (Centaur Berserker)         Turns: 773, Time: 00:02:52

Health: 31/31      AC:  4    Str: 20    XL:     3   Next: 3%
Magic:  3/3        EV:  9    Int:  6    God:    Trog [*.....]
Gold:   36         SH:  0    Dex:  8    Spells: 2/2 levels left

rFire    . . .     SeeInvis .   a - +0 falchion
rCold    . . .     Gourm    .   (no shield)
rNeg     . . .     Faith    .   b - +0 animal skin
rPois    .         Spirit   .   (no helmet)
rElec    .         Reflect  .   (no cloak)
rCorr    .         Harm     .   (no gloves)
MR       .....                  (no barding)
Stlth    +.........             (no amulet)
HPRegen  0.10/turn              (no ring)
MPRegen  0.08/turn              (no ring)

@: very quick
A: large, hooves 3, deformed body, speed 2, tough skin 3
a: Berserk, Renounce Religion


You were on level 1 of the Dungeon.
You worshipped Trog.
Trog was aware of your devotion.
You were not hungry.

You visited 1 branch of the dungeon, and saw 1 of its levels.

You collected 36 gold pieces.

Inventory:

Hand Weapons
 a - a +0 falchion (weapon)
Armour
 b - a +0 animal skin (worn)
Scrolls
 e - a scroll of remove curse {unknown}
Potions
 d - a potion of mutation {unknown}
Comestibles
 c - a ration


   Skills:
 + Level 3.4 Fighting
 + Level 3.2 Long Blades
 + Level 1.5 Armour
 + Level 1.5 Dodging


You had 2 spell levels left.
You didn't know any spells.
Your spell library was empty.

Dungeon Overview and Level Annotations

Branches:
Dungeon (1/15)

Altars:


Innate Abilities, Weirdness & Mutations

You have hooves in place of feet.
Armour fits poorly on your strangely shaped body.
You cover ground very quickly.
You have extremely tough skin. (AC +3)


Message History

You feel stronger.
A giant cockroach comes into view.
Found a scale mail.
Unknown value for tile_display_mode: 'glyph' (possible values: tiles/glyphs/hybrid Welcome back, Radastage the Centaur Berserker.
Trog says: Kill them all!
Press ? for a list of commands and other information.
The giant cockroach bites you but does no damage.
You barely miss the giant cockroach.
You kick the giant cockroach, but do no damage.
The giant cockroach bites you but does no damage.
You hit the giant cockroach but do no damage.
Your kick misses the giant cockroach. The giant cockroach closely misses you.
The giant cockroach barely misses you.
You riposte.
You hit the giant cockroach. You kick the giant cockroach.
You kill the giant cockroach!
Trog accepts your kill.
Found a scroll labeled EHIESM DITA.
You see here a scale mail.
Are you sure you want to abandon this character and quit the game? (Confirm with "yes".)

###.#. ######## #.... ### #
........ #.#.# ..#.. ........
#.#.###### #.#.####.........
#........###.#.#...........†
######...##....##.#.....########†
#............#+#........+........
#.####.#.............?..#####....
#.# #.+........@...# #.##. #.#
###..†.........# #.... #.#
#........[...# ####### #.#
############## #....... #.#
#.#.#### #.# #.# .#.. #.#
#.#.#.## #.# #.#.#.#. #.#
########### #####.#.#.#.


There were no monsters in sight!

Vanquished Creatures
  2 leopard geckos (D:1)
  3 giant cockroaches (D:1)
  2 goblins (D:1)
  6 hobgoblins (D:1)
  3 jackals (D:1)
  3 bats (D:1)
  2 kobolds (D:1)
  4 rats (D:1)
25 creatures vanquished.

Notes
Turn   | Place    | Note
-------+----------+-------------------------------------------
     0 | D:1      | Radastage the Centaur Berserker began the quest for the
                  | Orb.
     0 | D:1      | Reached XP level 1. HP: 19/19 MP: 1/1
   100 | D:1      | Reached XP level 2. HP: 17/26 MP: 2/2
   753 | D:1      | Reached XP level 3. HP: 31/31 MP: 3/3
   758 | D:1      | Upgraded the game from 0.23.0-3-gf3c87f2df8 to
                  | 0.23.0-42-geed6394480
   773 | D:1      | Quit the game

Skill      XL: |  1 |
---------------+----+-----
Long Blades    | 3 |  3.2
Fighting       | |  3.4
Armour         | |  1.5
Dodging        | |  1.5

Action                   || total
-------------------------++-------
Melee: Falchion          ||    48
       Kick              ||    14
Invok: Berserk           ||     1
Armor: Animal skin       ||    23
Dodge: Dodged            ||    25
       Rpst.: Falchion   ||     9
